 Dungeon Crawl Stone Soup version 0.21-a0-634-gaf8bc5d (webtiles) character file.

74 urgleburgle the Caller (level 4, -4/46 HPs)
             Began as a Merfolk Summoner on Dec 30, 2017.
             Killed from afar by an orc wizard (6 damage)
             ... with a puff of flame
             ... on level 3 of the Dungeon.
             The game lasted 00:13:42 (2496 turns).

urgleburgle the Caller (Merfolk Summoner)           Turns: 2496, Time: 00:13:43

Health: -4/46      AC: 22    Str:  7    XL:     4   Next: 30%
Magic:  3/7        EV:  2    Int: 14    God:
Gold:   98         SH:  0    Dex: 15    Spells: 4/7 levels left

rFire    . . .     SeeInvis .   e - +2 dagger (vamp)
rCold    . . .     Gourm    .   (no shield)
rNeg     + + +     Faith    .   (armour currently unavailable)
rPois    +         Spirit   .   (helmet currently unavailable)
rElec    .         Reflect  .   (cloak currently unavailable)
rCorr    +         Harm     .   (gloves currently unavailable)
MR       .....     NoTele   +   (boots currently unavailable)
Stlth    ++........             (no amulet)
HPRegen  0.15/turn              l - ring of resist corrosion
MPRegen  0.10/turn              n - -3 ring of strength (curse)

@: tree-form
A: (change form in water), (swift swim), (stealthy swim), mutation resistance 1,
strong 1
a: no special abilities


You were on level 3 of the Dungeon.
You were hungry.
You were a tree.
You visited 1 branch of the dungeon, and saw 3 of its levels.

You collected 98 gold pieces.

Inventory:

Hand Weapons
 e - a +2 vampiric dagger (weapon)
Armour
 a - a +0 robe
 c - a scarf of repulsion (melded)
 m - a +0 ring mail (melded)
Jewellery
 l - a ring of resist corrosion (left branch)
 n - a cursed -3 ring of strength (right branch)
Wands
 j - a wand of paralysis (5)
Scrolls
 d - a scroll of identify
 h - a scroll of amnesia
 p - a scroll of blinking
Potions
 f - a potion of might
Books
 b - a book of Callings

   Spells                             Type                      Level
   a - Summon Small Mammal            Summoning                    1
   b - Call Imp                       Summoning                    2
   c - Call Canine Familiar           Summoning                    3
   d - Summon Guardian Golem          Hexes/Summoning              3
   e - Summon Lightning Spire         Summoning/Air                4
   f - Summon Ice Beast               Ice/Summoning                4
 o - a book of the Sky

   Spells                             Type                      Level
   a - Summon Lightning Spire         Summoning/Air                4
   b - Silence                        Hexes/Air                    5
   c - Deflect Missiles               Charms/Air                   6
   d - Conjure Ball Lightning         Conjuration/Air              6
   e - Tornado                        Air                          9
Comestibles
 i - 2 rations


   Skills:
 + Level 0.8 Fighting
 + Level 1.2 Short Blades
 + Level 0.2 Armour
 + Level 3.0 Dodging
 + Level 2.4 Stealth
 + Level 0.1 Unarmed Combat
 + Level 2.3 Spellcasting
 + Level 4.9 Summonings


You had 4 spell levels left.
You knew the following spells:

 Your Spells              Type           Power        Failure   Level  Hunger
a - Summon Small Mammal   Summ           ###.         3%          1    #......
b - Call Imp              Summ           ###.....     4%          2    ###....


Dungeon Overview and Level Annotations

Branches:
Dungeon (2/15)

Altars:


Innate Abilities, Weirdness & Mutations

((You revert to your normal form in water.))
((You are very nimble and swift while swimming.))
((You are very stealthy in the water. (Stealth+)))
((You have a pair of small horns on your head.))
You are somewhat resistant to further mutation.
Your muscles are strong. (Str +2)


Message History

You see here a dagger.
You turn into a tree.
Your scarf of repulsion melds into your body.
Your +0 ring mail melds into your body.
The haze of the repulsion field disappears.
Your roots penetrate the ground.
Something hits you but does no damage.
Your crimson imp hits something.
It was a potion of mutation.
You feel extremely strange.
You feel stronger. A pair of horns grows on your head!
You feel genetically stable. Something hits you but does no damage.
Your crimson imp misses something.
You hit something but do no damage. Something hits you but does no damage.
Your crimson imp misses something.
Your crimson imp hits something but does no damage.
You barely miss something.
Your crimson imp disappears in a puff of smoke!
You hear some strange, mumbled words.
A puff of flame appears from out of thin air!
Helpless, you fail to dodge the puff of flame.
You die...

.. #.# #.#
#.#
##..####.#
./.......#
........(#
.........#
....(..?.##
##......(#
#...!♣(.#
#..<.5{)#
#....5.§#
#.......#
#...[...#
#.......#
#...>...#
......>.#


You could see 2 friendly crimson imps.

Vanquished Creatures
  A hound (D:3)
  An ooze (D:3)
  A dart slug (D:1)
  3 leopard geckos (D:1)
  2 orcs (D:3)
  A giant cockroach (D:3)
  2 goblins (D:1)
  3 hobgoblins
  A quokka (D:3)
  A ball python (D:1)
  4 bats
  3 frilled lizards (D:2)
  5 rats
28 creatures vanquished.

Vanquished Creatures (collateral kills)
  A giant cockroach (D:1)
  A hobgoblin (D:1)
  2 bats (D:2)
  2 frilled lizards (D:1)
  4 goblins
  2 kobolds (D:3)
  3 rats (D:1)
15 creatures vanquished.

Grand Total: 43 creatures vanquished

Notes
Turn   | Place    | Note
-------+----------+-------------------------------------------
     0 | D:1      | urgleburgle the Merfolk Summoner began the quest for the Orb.
     0 | D:1      | Reached XP level 1. HP: 13/13 MP: 3/3
   601 | D:1      | Reached XP level 2. HP: 19/19 MP: 5/5
  1445 | D:2      | Learned a level 2 spell: Call Imp
  1497 | D:2      | Reached XP level 3. HP: 24/24 MP: 3/6
  1825 | D:2      | You fall through a shaft!
  2196 | D:3      | Reached skill level 1 in Short Blades
  2196 | D:3      | Reached XP level 4. HP: 24/31 MP: 7/7
  2492 | D:3      | HP: 1/31 [something (4)]
  2494 | D:3      | Gained mutation: Your muscles are strong. (Str +2) [potion of mutation]
  2494 | D:3      | Gained mutation: You have a pair of small horns on your head. [potion of mutation]
  2494 | D:3      | Gained mutation: You are somewhat resistant to further mutation. [potion of mutation]
  2496 | D:3      | Killed from afar by an orc wizard

Vault maps used:
D:1:      lightli_arrival_flooded_house

Skill      XL: |  1  2  3 |
---------------+----------+-----
Short Blades   | 1 |  1.2
Dodging        | 3 |  3.0
Fighting       | |  0.8
Armour         | |  0.2
Stealth        | |  2.4
Unarmed Combat | |  0.1
Spellcasting   | |  2.3
Summonings     | |  4.9

Action                   |  1- 3 |  4- 6 || total
-------------------------+-------+-------++-------
Melee: Unarmed           |    26 |       ||    26
       Dagger            |    74 |    17 ||    91
 Cast: Summon Small Mamm |    26 |       ||    26
       Call Imp          |     9 |     5 ||    14
  Use: Scroll            |     6 |       ||     6
       Potion            |       |     2 ||     2
 Stab: Sleeping          |     3 |       ||     3
       Distracted        |     1 |       ||     1
  Eat: Ration            |     3 |       ||     3
Armor: Robe              |    15 |       ||    15
       Ring mail         |    10 |     9 ||    19
       Skin              |       |     3 ||     3
Dodge: Dodged            |    91 |    12 ||   103
       Deflected         |     1 |     2 ||     3

Table legend:
 A = Spawn XP
 B = Non-spawn XP
 C = Spawn XP percentage of total XP
 D = Spawn monster count
 E = Non-spawn monster count
 F = Spawn count percentage of total count
 G = Total turns spent on level
                    A         B        C        D         E        F      G
               +---------+---------+-------+---------+---------+-------+---------
         Total |       0 |     107 |   0.0 |       0 |      43 |   0.0 |  2496
               +---------+---------+-------+---------+---------+-------+---------
           D:1 |       0 |      30 |   0.0 |       0 |      18 |   0.0 |  1413
           D:2 |       0 |      15 |   0.0 |       0 |      12 |   0.0 |   412
           D:3 |       0 |      62 |   0.0 |       0 |      13 |   0.0 |   671
               +---------+---------+-------+---------+---------+-------+---------
